Map: Ruins of Endion

Players

Devswy - Winner!

  • Race: Terran Terran

Gracz

  • Race: Terran Terran

VOD

Have the link to the VOD?

Description

Time

  • Played on: May 3, 2016, 2:52 p.m.
  • Length: 7:11
Show
View Real Time Build Order
Export as new Build Order

Devswy Terran - Winner!

Build Orders: Reaper Expand, MMM Bio 

Get SALT Encoding   

  12  0:00  SCV  
  13  0:13  SCV  
  14  0:18  Supply Depot  
  14  0:25  SCV  
  15  0:39  SCV  
  15  0:40  Barracks  
  16  0:46  Refinery  
  16  0:51  SCV  
  17  1:03  SCV  
  18  1:15  SCV  
  19  1:28  Orbital Command, Reaper  
  20  1:45  Command Center  
  20  1:54  Supply Depot  
  20  1:59  Marine, SCV  
  22  2:10  Factory  
  22  2:12  SCV  
  23  2:20  Marine  
  24  2:24  SCV  
  25  2:36  SCV  
  26  2:39  Marine  
  26  2:53  Barracks  
  26  2:54  Refinery  
  26  2:55  Hellion  
  26  2:56  Marine  
  29  3:01  Orbital Command  
  29  3:02  Supply Depot  
  29  3:14  Marine  
  29  3:16  Hellion  
  31  3:30  Starport, SCV x2  
  33  3:38  Hellion  
  33  3:40  Barracks Reactor  
  35  3:42  Barracks Tech Lab  
  35  3:45  SCV  
  36  3:59  Barracks  
  36  4:02  Stimpack  
  36  4:10  Factory Tech Lab  
  36  4:11  SCV x2  
  36  4:13  Supply Depot  
  38  4:19  Medivac  
  38  4:23  Marine, SCV x2  
  43  4:24  Marine  
  43  4:25  Marine  
  45  4:35  SCV x2  
  47  4:46  Marine x2, Engineering Bay  
  47  4:47  Engineering Bay, SCV  
  47  4:48  Barracks Tech Lab, SCV  
  51  4:55  Supply Depot  
  51  4:56  Starport Reactor  
  51  4:59  SCV  
  52  5:00  Siege Tank, SCV  
  56  5:17  Marine  
  56  5:18  Marine, SCV  
  56  5:19  SCV  
  56  5:20  Combat Shields  
  60  5:21  Marine x2  
  62  5:31  SCV x2  
  62  5:33  Siege Tank  
  67  5:35  Marine  
  67  5:40  Marauder  
  70  6:09  Marine  
  70  6:10  SCV  
  70  6:11  Marauder  
  70  6:12  Marine x2  
  70  6:20  Refinery  
  70  6:23  Concussive Shells, Refinery  
  70  6:31  Marine x2, Siege Tank, SCV  
  70  6:32  Marine, Marauder  
  79  6:36  Supply Depot  
  79  6:37  Supply Depot  
  79  6:49  Marine x2  
  79  6:50  Marine  
  79  6:52  Marine  
  83  7:00  Supply Depot  
Show
View Real Time Build Order
Export as new Build Order

Gracz Terran 

Build Orders:  

Get SALT Encoding   

  12  0:02  SCV  
  13  0:26  Supply Depot, SCV  
  14  0:34  Refinery  
  14  0:38  SCV  
  15  0:53  Barracks  
  15  0:56  SCV  
  16  1:08  SCV  
  16  1:09  Barracks  
  17  1:27  SCV  
  18  1:51  Engineering Bay  
  18  1:59  Supply Depot, Reaper x2  
  20  2:07  Refinery, SCV  
  20  2:47  SCV  
  21  3:29  SCV  
  21  3:33  Barracks Reactor x2  
  21  3:34  Factory  
  23  3:41  SCV  
  23  4:17  Orbital Command  
  23  4:20  Factory  
  23  4:25  Command Center  
  23  4:29  Factory Tech Lab  
  23  4:39  Terran Infantry Weapons Level 1  
  23  4:42  Reaper x3  
  26  5:03  Factory Tech Lab  
  26  5:11  Starport  
  26  5:27  Marine x3, Reaper  
  29  5:45  Marine  
  17  5:58  Marine  
  7  6:26  SCV  
  8  6:38  SCV  
  9  6:45  Marine x2  
  11  6:50  SCV  
Tags
 
Add a new tag
Caveats
  • Supply blocks, unpowered buildings, or Contaminate may cause inaccurate times.
  • Supply counts are checked every 10 seconds.